 Dungeon Crawl Stone Soup version 0.19.0-1-g5985abe (webtiles) character file.

975 Gorglomux the Grappler (level 7, -17/72 HPs)
             Began as a Troll Monk on Nov 2, 2016.
             Demolished by an ogre
             ... wielding a +0 giant spiked club
              (32 damage)
             ... on level 5 of the Dungeon.
             The game lasted 00:07:34 (3355 turns).

Gorglomux the Grappler (Troll Monk)                 Turns: 3355, Time: 00:07:35

Health: -17/72     AC:  5    Str: 22    XL:     7   Next: 95%
Magic:  6/6        EV: 10    Int:  6    God:
Gold:   65         SH:  0    Dex: 12    Spells: 0 memorised, 6 levels left

rFire  + . .     SeeInvis .       - Unarmed
rCold  . . .     Gourm    +     a - +0 robe
rNeg   . . .     Faith    .     (no shield)
rPois  .         Spirit   .     (helmet restricted)
rElec  .         Reflect  .     (no cloak)
rCorr  +         Harm     .     (gloves unavailable)
MR     .....                    (boots unavailable)
Stlth  ++........               (no amulet)
                                y - ring of protection from fire
                                C - ring of resist corrosion

@: no status effects
A: unfitting armour, claws 3, fast metabolism 3, gourmand, regeneration 1,
shaggy fur 1, tough skin 2
a: no special abilities


You were on level 5 of the Dungeon.
You were completely stuffed.

You visited 1 branch of the dungeon, and saw 5 of its levels.

You collected 65 gold pieces.

Inventory:

Armour
 a - a +0 robe (worn)
Jewellery
 l - an uncursed ring of flight
 y - a ring of protection from fire (right claw)
 C - a ring of resist corrosion (left claw)
Scrolls
 c - 5 scrolls of identify {unknown}
 d - 2 scrolls of remove curse {unknown}
 e - a scroll of enchant armour {unknown}
 j - a scroll of recharging {unknown}
 k - 3 scrolls of enchant weapon {unknown}
 p - a scroll of random uselessness {unknown}
 q - a scroll of fog {unknown}
 t - a scroll of noise {unknown}
 v - a scroll of immolation {unknown}
 w - a scroll of blinking {unknown}
 z - a scroll of fear {unknown}
Potions
 h - a potion of degeneration {unknown}
 m - 2 potions of might {unknown}
 n - a potion of brilliance {unknown}
 r - 4 potions of agility {unknown}
 s - a potion of curing {unknown}
 u - a potion of invisibility
 x - 3 potions of heal wounds {unknown}
Books
 o - a book of Maledictions

   Spells                             Type                      Level
   a - Corona                         Hexes                        1
   b - Ensorcelled Hibernation        Hexes/Ice                    2
   c - Confuse                        Hexes                        3
   d - Tukima's Dance                 Hexes                        3
   e - Dazzling Spray                 Conjuration/Hexes            3
Comestibles
 b - 3 bread rations
 f - 5 meat rations
 g - a beef jerky
 i - 2 slices of pizza
 A - 2 fruits
 B - a chunk of flesh
 D - a royal jelly


   Skills:
 + Level 5.1 Fighting
 - Level 2.4 Dodging
 - Level 1.0 Stealth
 * Level 8.0 Unarmed Combat


You had 6 spell levels left.
You didn't know any spells.

Dungeon Overview and Level Annotations

Branches:
Dungeon (5/15)
 Temple: D:4-7

Altars:
Cheibriados
Hepliaklqana
Ru
Trog
Vehumet
The Shining One


Innate Abilities, Weirdness & Mutations

You are too large for most types of armour.
You have claws for hands.
Your metabolism is lightning-fast.
You like to eat raw meat.
Your natural rate of healing is unusually fast.
You are covered in fur. (AC +1)
You have very tough skin. (AC +2)


Message History

You are too injured to fight recklessly!
You are too injured to fight recklessly!
Unknown command.
You are too injured to fight recklessly!
You scratch the ogre but do no damage. The goblin hits you but does no damage.
You barely miss the ogre. The ogre closely misses you.
You claw the ogre!
The ogre is heavily wounded.
The goblin barely misses you.
You scratch the ogre.
The ogre is severely wounded.
The ogre hits you with a giant spiked club.
* * * LOW HITPOINT WARNING * * *
The goblin hits you.
* * * LOW HITPOINT WARNING * * *
You barely miss the ogre.
The ogre is severely wounded.
The goblin barely misses you.
The ogre hits you with a giant spiked club!!
You die...

#...# #...# #####
#...# #.(.# #...# #.
#.#...# ....#
#.##.#...# #...#
#.#..#._.# ....#
#.#..#...# ...##
#....#)).#
##.#######.#..#g@)#
#...<......#.##O##.#
#.#######.....gg...#
#.........##########
###########


You could see an ogre and 3 goblins.

Vanquished Creatures
  Sigmund (D:4)
  Edmund (D:4)
  An ice beast (D:5)
  A phantom (D:5)
  The ghost of p0werm0de the Skirmisher, an amateur DsWn of Fedhas (D:4)
  A centaur (D:5)
  A bullfrog zombie (D:5)
  3 worker ants
  Terence (D:2)
  An orc wizard (D:5)
  A statue (D:5)
  A river rat (D:4)
  4 adders
  An ooze (D:1)
  An adder skeleton (D:4)
  A worm (D:3)
  2 dart slugs
  4 leopard geckos
  8 orcs
  7 giant cockroaches
  12 goblins
  4 hobgoblins
  16 jackals
  2 quokkas
  2 ball pythons
  6 bats
  6 frilled lizards
  A jackal skeleton (D:5)
  7 kobolds
  21 rats
119 creatures vanquished.

Notes
Turn   | Place    | Note
-------+----------+-------------------------------------------
     0 | D:1      | Gorglomux the Troll Monk began the quest for the Orb.
     0 | D:1      | Reached XP level 1. HP: 22/22 MP: 0/0
    60 | D:1      | Reached XP level 2. HP: 27/29 MP: 1/1
   494 | D:1      | Reached XP level 3. HP: 36/36 MP: 2/2
   913 | D:2      | Reached skill level 4 in Unarmed Combat
  1063 | D:2      | Noticed Terence
  1067 | D:2      | Killed Terence
  1067 | D:2      | Reached XP level 4. HP: 44/45 MP: 3/3
  1266 | D:2      | Found a hazy altar of Hepliaklqana.
  2089 | D:4      | Noticed p0werm0de's ghost (amateur DsWn)
  2111 | D:4      | Killed p0werm0de's ghost
  2111 | D:4      | Reached skill level 5 in Unarmed Combat
  2111 | D:4      | Reached XP level 5. HP: 16/54 MP: 4/4
  2227 | D:4      | Found a bloodstained altar of Trog.
  2227 | D:4      | Found a sacrificial altar of Ru.
  2310 | D:4      | Found a glowing golden altar of the Shining One.
  2449 | D:4      | Reached XP level 6. HP: 62/62 MP: 5/5
  2585 | D:4      | Found a faded altar of an unknown god.
  2587 | D:4      | Found a snail-covered altar of Cheibriados.
  2588 | D:4      | Found a faded altar of an unknown god.
  2627 | D:4      | Noticed Edmund
  2648 | D:4      | Killed Edmund
  2648 | D:4      | Reached skill level 6 in Unarmed Combat
  2703 | D:4      | Noticed Sigmund
  2717 | D:4      | Killed Sigmund
  2717 | D:4      | Reached XP level 7. HP: 57/71 MP: 6/6
  2855 | D:5      | Entered Level 5 of the Dungeon
  2871 | D:5      | Reached skill level 7 in Unarmed Combat
  3060 | D:5      | Reached skill level 5 in Fighting
  3301 | D:5      | Found a radiant altar of Vehumet.
  3338 | D:5      | Reached skill level 8 in Unarmed Combat
  3355 | D:5      | Demolished by an ogre

Skill      XL: |  1  2  3  4  5  6  7 |
---------------+----------------------+-----
Fighting       | 3 4 5 |  5.1
Unarmed Combat | 4 5 6 8 |  8.0
Dodging        | |  2.4
Stealth        | |  1.0

Action                   |  1- 3 |  4- 6 |  7- 9 || total
-------------------------+-------+-------+-------++-------
Melee: Unarmed           |   120 |   131 |    95 ||   346
       Punch             |     1 |     1 |     2 ||     4
 Stab: Sleeping          |     2 |       |       ||     2
  Eat: Chunk             |    15 |    15 |     6 ||    36
Armor: Robe              |    44 |    42 |    40 ||   126
Dodge: Dodged            |    50 |    86 |    71 ||   207
